 Dungeon Crawl Stone Soup version 0.19.0 (webtiles) character file.

27243 TheGoonsmith the Bludgeoner (level 13, -1/139 HPs)
             Began as an Ogre Hunter on Nov 14, 2016.
             Was a High Priest of Dithmenos.
             Slain by an orc high priest
             ... wielding a +0 halberd
              (7 damage)
             ... on level 2 of the Orcish Mines.
             The game lasted 00:28:16 (20073 turns).

TheGoonsmith the Bludgeoner (Ogre Hunter)          Turns: 20073, Time: 00:28:17

Health: -1/139     AC: 19    Str: 30    XL:     13   Next: 31%
Magic:  13/13      EV:  6    Int:  7    God:    Dithmenos [*****.]
Gold:   1782       SH:  6    Dex: 18    Spells: 0 memorised, 12 levels left

rFire  + . .     SeeInvis .     a - +1 giant spiked club
rCold  + . .     Gourm    .     y - +0 gold dragon scales
rNeg   + . .     Faith    .     (shield currently unavailable)
rPois  +         Spirit   .     (helmet restricted)
rElec  +         Reflect  +     g - +2 cloak
rCorr  .         Harm     .     (gloves unavailable)
MR     +....                    (boots unavailable)
Stlth  ..........               L - +6 amulet of reflection
                                k - +5 ring of strength
                                Y - ring of Heihetij {rElec rN+ Int-3 Dex+4} (curse)

@: mighty, wreathed by umbra, drained
A: unfitting armour, tough skin 1
a: Shadow Step, Shadow Form, Renounce Religion


You were on level 2 of the Orcish Mines.
You worshipped Dithmenos.
Dithmenos was extremely pleased with you.
You were not hungry.

You visited 3 branches of the dungeon, and saw 16 of its levels.
You also visited: Ice Cave.

You collected 1782 gold pieces.

Inventory:

Hand Weapons
 a - a +1 giant spiked club (weapon)
Missiles
 c - 5 large rocks (quivered)
 d - 2 throwing nets
 n - 12 tomahawks
 x - 2 tomahawks of returning
 R - 2 javelins
Armour
 g - a +2 cloak (worn)
 l - +0 ice dragon scales
 s - a +0 robe
 y - +0 gold dragon scales (worn)
Jewellery
 k - a +5 ring of strength (right hand)
 L - a +6 amulet of reflection (around neck)
 Y - the cursed ring of Heihetij (left hand) {rElec rN+ Int-3 Dex+4}
   (You found it in an ice cave)

   [ring of intelligence]

   It affects your intelligence (-3).
   It affects your dexterity (+4).
   It insulates you from electricity.
   It protects you from negative energy.
   It has a curse placed upon it.
Wands
 E - a wand of iceblast (10/15)
 K - a wand of iceblast (4/15)
 M - a wand of enslavement (15/24)
 O - a wand of iceblast (8/15)
Scrolls
 e - 8 scrolls of remove curse
 i - 2 scrolls of fog
 j - a scroll of magic mapping
 m - 2 scrolls of amnesia
 r - a scroll of identify
 Q - 3 scrolls of recharging
Potions
 q - 2 potions of magic
 z - a potion of might
 B - 2 potions of flight
 I - 2 potions of cure mutation {unknown}
 P - a potion of berserk rage
 U - 2 potions of cancellation
 W - a potion of degeneration {unknown}
Comestibles
 f - 10 bread rations
 C - 4 beef jerkies


   Skills:
 + Level 11.8(11.6) Fighting
 * Level 20.4(20.2) Maces & Flails
 + Level 7.4(7.2) Throwing
 - Level 5.6(5.4) Armour
 - Level 4.8(4.6) Dodging
 - Level 0.6(0.4) Stealth


You had 12 spell levels left.
You didn't know any spells.

Dungeon Overview and Level Annotations

Branches:
Dungeon (10/15)            Temple (0/1) D:4            Lair (4/6) D:10
 Shoals (0/4) Lair:2       Spider (0/4) Lair:2          Orc (2/2) D:10
    Elf (0/3) Orc:2

Altars:
Ashenzari
Cheibriados
Dithmenos
Fedhas
Hepliaklqana
Makhleb
Okawaru
Sif Muna
Vehumet
The Shining One

Shops:
D:4 %   D:9 :}   Orc:1 !

Annotations:
Lair:2 exclusion: oklob plant


Innate Abilities, Weirdness & Mutations

You are too large for most types of armour.
You have tough skin. (AC +1)


Message History

Unknown command.
You block the chaos spawn's attack.
The orc high priest suddenly jeers.
The orc high priest hits you but does no damage.
The sun demon hits you but does no damage.
Items here: [[ †† a chain mail; a +0 troll leather armour; an orc corpse; a troll corpse Unknown command.
You sock the orc high priest!
The orc high priest is lightly wounded.
You block the chaos spawn's attack. The sun demon hits you!!
* * * LOW HITPOINT WARNING * * *
You are engulfed in flames!
You resist.
* * * LOW HITPOINT WARNING * * *
Unknown command.
You barely miss the orc high priest.
The orc high priest is lightly wounded.
The chaos spawn degenerates into a cloud of primal chaos!
The orc high priest hits you with a halberd!
You die...

.............)......####.*,**
.....................#...,**
......)..................,,*
............)....[.......,,**
.........................,,,*
$................§.....##*,**
......#.........$).....#.***
......##.......3§........,*
........#......o@§§...##.**
,,,,,,............$....#**
,,,,,,,,..........<....#
,,,,,,,,..............##****
,*,*,,*,....#........##*,,,*
,,,,,,,,,..........#...*,,,*
,,,,,,*,,.,.......#....#,,,*
,,,,,***,,.......##....#*+**
*,,,,,*,,,,,,*,***,,,*,*,,,*


You could see an orc high priest and a sun demon.

Vanquished Creatures
  Erolcha (D:9)
  3 hydras
  The ghost of TheGoonsmith the Severer, a journeyman HOGl of Beogh (Lair:1)
  2 ice dragons (IceCv)
  Fannar (Lair:1)
  A catoblepas (Lair:2)
  Nergalle (Lair:3)
  An orc knight (Orc:2)
  A black mamba (Lair:2)
  2 ice statues (IceCv)
  3 rime drakes
  6 spiny frogs
  3 komodo dragons
  2 ice devils (Orc:2)
  A troll (Orc:2)
  3 meliai
  A queen bee (Lair:4)
  A snapping turtle (Lair:2)
  5 blink frogs (Lair:2)
  4 hippogriffs
  A spriggan (D:9)
  4 wyverns
  26 yaks
  2 basilisks
  A hungry ghost (D:6)
  2 wargs
  7 water moccasins
  4 porcupines
  11 orc warriors
  17 ice beasts
  4 ogres
  2 sky beasts (D:5)
  A phantom (D:8)
  4 wolves (Lair:2)
  A centaur (D:5)
  4 crocodiles
  7 bullfrogs
  3 scorpions
  11 killer bees
  A lava snake (D:10)
  A howler monkey (D:6)
  3 crimson imps
  2 jellies
  2 hounds
  10 orc wizards
  9 orc priests
  A centaur skeleton (D:6)
  Crazy Yiuf (D:2)
  Jessica (D:3)
  3 iguanas
  4 worker ants
  A hound skeleton (D:9)
  4 gnolls (D:2)
  14 adders
  2 shadow imps
  5 worms
  The ghost of jimeh the Skirmisher, a weakling MiMo (D:4)
  A dart slug (D:1)
  4 leopard geckos
  47 orcs
  2 ball pythons
  11 bats
  4 giant cockroaches
  8 goblins
  10 hobgoblins
  7 jackals
  3 quokkas
  2 frilled lizards
  A giant cockroach zombie (D:5)
  9 kobolds
  A leopard gecko zombie (D:8)
  A quokka zombie (D:6)
  9 rats
340 creatures vanquished.

Vanquished Creatures (collateral kills)
  A bullfrog (Lair:3)
1 creature vanquished.

Vanquished Creatures (others)
  12 fungi
  11 plants
23 creatures vanquished.

Grand Total: 364 creatures vanquished

Notes
Turn   | Place    | Note
-------+----------+-------------------------------------------
     0 | D:1      | TheGoonsmith the Ogre Hunter began the quest for the Orb.
     0 | D:1      | Reached XP level 1. HP: 22/22 MP: 1/1
   151 | D:1      | Reached XP level 2. HP: 7/31 MP: 2/2
   501 | D:1      | Found a shattered altar of Ashenzari.
   563 | D:1      | Reached skill level 1 in Maces & Flails
  1028 | D:2      | Reached skill level 2 in Maces & Flails
  1035 | D:2      | Found a hazy altar of Hepliaklqana.
  1241 | D:1      | Reached XP level 3. HP: 25/39 MP: 3/3
  2224 | D:2      | Reached skill level 3 in Maces & Flails
  2526 | D:2      | Reached XP level 4. HP: 36/48 MP: 4/4
  2610 | D:2      | Found a faded altar of an unknown god.
  2673 | D:3      | Found a shadowy altar of Dithmenos.
  2713 | D:3      | Became a worshipper of Dithmenos the Shadowed
  2774 | D:3      | Noticed Jessica
  2781 | D:3      | Killed Jessica
  2781 | D:3      | Reached skill level 4 in Maces & Flails
  2893 | D:3      | Reached XP level 5. HP: 18/55 MP: 5/5
  3264 | D:3      | Found a glowing drain.
  3918 | D:3      | Reached skill level 5 in Fighting
  4081 | D:3      | Reached * piety under Dithmenos
  4134 | D:3      | Reached skill level 5 in Maces & Flails
  4932 | D:2      | Found a runed door.
  4976 | D:2      | Reached XP level 6. HP: 53/66 MP: 6/6
  5154 | D:2      | Noticed Crazy Yiuf
  5159 | D:2      | Killed Crazy Yiuf
  5351 | D:4      | Noticed jimeh's ghost (weakling MiMo)
  5365 | D:4      | Reached skill level 6 in Maces & Flails
  5382 | D:4      | Killed jimeh's ghost
  5548 | D:4      | Found a glowing golden altar of the Shining One.
  5625 | D:4      | Found a burning altar of Makhleb.
  5683 | D:4      | Found a radiant altar of Vehumet.
  5854 | D:4      | Found a staircase to the Ecumenical Temple.
  5879 | D:4      | Found Retoiq's Food Shop.
  5954 | D:5      | Entered Level 5 of the Dungeon
  5998 | D:5      | Reached skill level 7 in Maces & Flails
  5998 | D:5      | Reached XP level 7. HP: 67/76 MP: 7/7
  6022 | D:5      | Found a deep blue altar of Sif Muna.
  6709 | D:5      | Found a snail-covered altar of Cheibriados.
  6985 | D:5      | Reached skill level 8 in Maces & Flails
  7674 | D:6      | Reached ** piety under Dithmenos
  7692 | D:6      | Reached XP level 8. HP: 87/87 MP: 8/8
  7699 | D:6      | Reached skill level 9 in Maces & Flails
  7871 | D:6      | Reached skill level 10 in Maces & Flails
  8641 | D:7      | Reached skill level 11 in Maces & Flails
  8831 | D:7      | Reached XP level 9. HP: 93/98 MP: 9/9
  8845 | D:7      | You fall through a shaft!
  8852 | D:8      | Reached skill level 1 in Armour
  8956 | D:8      | Reached skill level 12 in Maces & Flails
  9074 | D:8      | Reached *** piety under Dithmenos
  9476 | D:9      | Found Feysitoo's Book Boutique.
  9482 | D:9      | Found an iron altar of Okawaru.
  9492 | D:9      | Found Hysy's Gadget Shop.
  9663 | D:9      | Noticed Erolcha
  9668 | D:9      | Killed Erolcha
  9668 | D:9      | Reached skill level 13 in Maces & Flails
  9829 | D:9      | Reached XP level 10. HP: 99/107 MP: 10/10
  9965 | D:10     | Entered Level 10 of the Dungeon
  9973 | D:10     | Reached skill level 14 in Maces & Flails
 10295 | D:10     | Found a staircase to the Orcish Mines.
 10420 | D:10     | Found a staircase to the Lair.
 10818 | D:10     | Reached skill level 15 in Maces & Flails
 10827 | D:10     | Reached **** piety under Dithmenos
 10909 | D:10     | Reached skill level 5 in Armour
 11163 | Lair:1   | Entered Level 1 of the Lair of Beasts
 11344 | Lair:1   | Noticed TheGoonsmith's ghost (journeyman HOGl)
 11353 | Lair:1   | Killed TheGoonsmith's ghost
 11422 | Lair:1   | Noticed Fannar
 11427 | Lair:1   | Reached skill level 16 in Maces & Flails
 11439 | Lair:1   | Killed Fannar
 11439 | Lair:1   | Reached XP level 11. HP: 60/115 MP: 11/11
 12125 | Lair:1   | Noticed a four-headed hydra
 12132 | Lair:1   | Killed a four-headed hydra
 12132 | Lair:1   | Reached skill level 17 in Maces & Flails
 12631 | Lair:2   | Noticed a catoblepas
 12637 | Lair:2   | Killed a catoblepas
 13120 | Lair:2   | Found a hole to the Spider Nest.
 13272 | Lair:2   | Reached skill level 18 in Maces & Flails
 14057 | Lair:2   | Reached XP level 12. HP: 110/124 MP: 12/12
 14246 | Lair:2   | Reached skill level 5 in Throwing
 14648 | Lair:2   | Found a blossoming altar of Fedhas.
 14765 | Lair:2   | Reached skill level 10 in Fighting
 14818 | Lair:2   | Found a staircase to the Shoals.
 15177 | Lair:3   | Reached skill level 19 in Maces & Flails
 15180 | Lair:3   | Noticed a six-headed hydra
 15189 | Lair:3   | Killed a six-headed hydra
 15198 | Lair:3   | Noticed a six-headed hydra
 15203 | Lair:3   | Killed a six-headed hydra
 15541 | Lair:3   | Noticed Nergalle
 15548 | Lair:3   | Killed Nergalle
 15988 | Lair:4   | Reached ***** piety under Dithmenos
 16036 | Lair:4   | HP: 3/128 [meliai/divine providence (10)]
 16052 | Lair:4   | HP: 5/128 [killer bee (5)]
 16063 | Lair:3   | HP: 2/128 [meliai/divine providence (12)]
 17368 | Orc:1    | Entered Level 1 of the Orcish Mines
 17907 | Orc:2    | Entered Level 2 of the Orcish Mines
 17920 | Orc:2    | Found a staircase to the Elven Halls.
 17970 | Orc:2    | Found a frozen archway.
 18159 | IceCv    | Entered an ice cave
 18275 | IceCv    | Reached XP level 13. HP: 127/137 MP: 13/13
 18354 | IceCv    | Reached skill level 20 in Maces & Flails
 18785 | IceCv    | Noticed an ice dragon
 18786 | IceCv    | Noticed an ice dragon
 18795 | IceCv    | Killed an ice dragon
 18800 | IceCv    | Killed an ice dragon
 19191 | IceCv    | Got a wavering copper ring
 19204 | IceCv    | Got a flickering golden ring
 19299 | Orc:1    | Identified the ring "Egekudibb" {rPois rF- rC+ Int+2} (You found it in an ice cave)
 19313 | Orc:1    | Identified the cursed ring of Heihetij {rElec rN+ Int-3 Dex+4} (You found it in an ice cave)
 19649 | Orc:1    | Found Umifia's Distillery.
 19661 | Orc:1    | Noticed an orc warlord
 20072 | Orc:2    | HP: 5/139 [sun demon[an orc high priest] (7)]
 20073 | Orc:2    | Slain by an orc high priest

Skill      XL: |  1  2  3  4  5  6  7  8  9 10 11 12 13 |
---------------+----------------------------------------+-----
Fighting       | 3 4 5 6 7 9 11 | 11.8
Maces & Flails | 2 3 4 5 7 8 11 13 16 18 19 20 | 20.4
Armour         | 3 5 |  5.6
Dodging        | 2 4 |  4.8
Throwing       | 6 7 |  7.4
Stealth        | |  0.6

Action                   |  1- 3 |  4- 6 |  7- 9 | 10-12 | 13-15 || total
-------------------------+-------+-------+-------+-------+-------++-------
Melee: Short sword       |    37 |       |     3 |       |       ||    40
       Club              |   129 |     3 |       |       |       ||   132
       Whip              |       |   199 |   148 |       |       ||   347
       Mace              |       |    99 |    49 |       |       ||   148
       Giant spiked club |       |       |   154 |   556 |   145 ||   855
Evoke: Wand              |       |       |       |     1 |       ||     1
  Use: Scroll            |       |    12 |     1 |    15 |     1 ||    29
       Potion            |       |     2 |     3 |    14 |     1 ||    20
 Stab: Sleeping          |     2 |     3 |       |       |       ||     5
       Invisible         |       |       |       |     3 |       ||     3
       Distracted        |       |       |       |     1 |       ||     1
  Eat: Bread ration      |     1 |       |       |     1 |       ||     2
       Chunk             |       |    18 |    22 |     8 |     2 ||    50
       Fruit             |       |       |     5 |     3 |       ||     8
       Meat ration       |       |       |       |     1 |     1 ||     2
       Pizza             |       |       |       |     1 |       ||     1
Armor: Robe              |    61 |    45 |    17 |       |       ||   123
       Gold dragon scale |       |       |   215 |   565 |   248 ||  1028
       Skin              |       |       |    12 |       |       ||    12
Dodge: Dodged            |   109 |   132 |    28 |   145 |    67 ||   481
Block: Other             |       |       |    35 |   205 |    73 ||   313
       Reflection        |       |       |       |     1 |     1 ||     2
